AoeStats
← _atheris_

Arabia

510629693Analyzed
1v1 RM · 1d ago on Oct 1, 2026· 29m 19s· 2 players
Game mode
Random Map
Map size
Tiny (2 player)
Population
200
Speed
Normal
Resources
Standard
Victory
Conquest
Starting age
Dark Age
Ending age
Imperial Age
RankedLock teamsTeams togetherTeam positionsShared explorationLock speedFull tech treeHidden civsTurbo modeCheats
Victory
Defeat
🇧🇩 Persians · Bangladesh
1009
+13
🇨🇱 Chinese · Chile
950
-13
_atheris_
10:52 Feudal Age
22:32 Castle Age
23:13 Scale Mail Armor
23:08 Pikeman
AHSAN
5:52 Loom
8:28 Feudal Age
15:59 Scale Barding Armor
15:52 Horse Collar
15:59 Double-Bit Axe
17:47 Gold Mining
21:00 Castle Age
20:06 Scale Barding Armor
20:12 Forging
21:04 Wheelbarrow
21:37 Bloodlines
23:06 Chain Barding Armor
24:55 Gold Shaft Mining
25:38 Iron Casting
25:06 Husbandry
Connection lost

Rejoining the realm…

Still unreachable

The connection could not be restored.

Session expired

The server has moved on; the page needs a fresh start.